G-Wiz, neutral male gnomish Wizard --- --- ------ -..---..|--- --..|.--- |....|...|..-- |.......-- ----............--- |..--....--- --.|................ -- --.--..| |.......---......... |.||..| |...^..-- --......... --- ---.|---- --....-- |.......... --.--- |...| |..... --......... |.[..-------- --.--- ---.|. |..--.....- |-..)WGI....I |..| -------...| -------).....| |.%.--------- |).| ---.--....--- |..----%.....--- |.-- --.| |.........| |.^..G..h.....<| --.-- |.| |........-| --...---.......----|G..| |.| --........---------...| ---...|....|--N.| |.| --..--.|.....h........| |...|--..|..G-- |.---...------.------------ ----- |....--- |....--..| --- --...| ---..||..| ----- -------- G-Wiz the Thaumaturge Experience level: 6 Strength: 11 Dexterity: 15 Constitution: 14 Intelligence: 18 Wisdom: 16 Charisma: 7 Health: 0(49) Energy: 86(86) Def: 6 Gold: 0 Moves: 4043 Dungeon seed: -bVBjW6uomh41e-s Game ID: G-Wiz_1473253707 Your Inventory: Weapons f - an uncursed +2 aklys (weapon in hand) p - 46 uncursed +0 crossbow bolts (in quiver) v - an uncursed +0 crossbow Armor e - an uncursed +0 cloak of magic resistance (being worn) m - an uncursed +0 pair of iron shoes (being worn) q - an uncursed +2 orcish helm (being worn) Comestibles j - a cursed clove of garlic I - an uncursed cream pie K - an uncursed cram ration T - an uncursed tripe ration Wands s - an uncursed wand of teleportation (0:7) E - an uncursed wand of lightning (0:3) Tools k - an uncursed skeleton key t - an uncursed oil lamp (lit) (0:398) w - an uncursed magic whistle x - an uncursed stethoscope B - an uncursed sack M - an uncursed magic marker (0:75) S - an uncursed blindfold Contents of the sack: 1433 gold pieces the cursed rustproof +0 Excalibur 12 uncursed +0 arrows an uncursed +0 elven dagger 2 uncursed +0 orcish daggers a blessed +1 quarterstaff a cursed -1 cloak of protection a cursed +0 elven cloak an uncursed +1 pair of speed boots 3 uncursed eggs an uncursed tripe ration 2 uncursed scrolls of blank paper 2 uncursed scrolls of enchant armor an uncursed scroll of enchant weapon an uncursed scroll of identify 3 uncursed scrolls of light 2 uncursed scrolls of remove curse a cursed potion of acid a cursed potion of blindness a cursed potion of extra healing a blessed potion of gain ability a cursed potion of gain ability 2 cursed potions of invisibility a cursed potion of paralysis a cursed potion of see invisible a cursed potion of sickness a cursed ring of fire resistance an uncursed ring of teleport control an uncursed ring of teleport control a cursed wand of cancellation (0:3) a cursed wand of cold (0:3) an uncursed wand of magic missile (0:4) a cursed wand of polymorph (0:7) an uncursed wand of probing (0:6) a cursed wand of probing (0:6) a cursed wand of probing (0:3) a cursed wand of striking (0:7) a cursed wand of striking (0:7) a cursed wand of striking (0:6) an uncursed magic marker (0:61) an uncursed oil lamp (0:1047) an uncursed tallow candle (0:200) a cursed wax candle (0:400) 2 uncursed chrysoberyl stones an uncursed turquoise stone an uncursed worthless piece of blue glass an uncursed worthless piece of green glass an uncursed worthless piece of orange glass 2 cursed worthless pieces of orange glass 3 cursed worthless pieces of red glass a cursed worthless piece of violet glass an uncursed worthless piece of white glass 2 uncursed worthless pieces of yellow glass Spells and supernatural/magical abilities: Name Level Category Fail Memory a - force bolt 1 attack 4% 80% u - confuse monster 2 enchantment 4% 80% W - pray for help -- divine ? -- Your skills at the end: Miscellaneous Skills wands [Basic] Weapon Skills quarterstaff [Basic] crossbow [Basic] Spellcasting Skills attack spells [Basic] enchantment spells [Basic] Final Attributes: You were devoutly aligned. You were magic-protected. You were blinded. You were telepathic. You had infravision. You are dead. Vanquished creatures: a leprechaun an iron piercer a jaguar a human zombie a bugbear 2 Mordor orcs a fog cloud 2 yellow lights a shrieker a violet fungus a guardian naga hatchling a gray ooze 2 floating eyes a homunculus an iguana a giant bat 3 dwarf zombies a wererat a gas spore 3 hobbits a large kobold 3 geckos a hobgoblin 2 giant rats 2 yellow molds a green mold a red mold 5 gnomes 2 garter snakes 10 manes 4 jackals 2 kobolds 4 newts 6 goblins 2 sewer rats 6 grid bugs a bat 2 lichens 4 kobold zombies 86 creatures vanquished. Voluntary challenges: You did not adorn yourself with jewelry or accessories. You used a wielded weapon 155 times, starting on turn 28. You did not apply a unicorn horn. You read items or engraved 5 times, starting on turn 404. You never genocided any monsters. You never polymorphed an object. You never changed form. You used no wishes. You never split a pudding. You wrote Elbereth's name 3 times, starting on turn 1100. You never violated your personal moral code. Dungeon overview: The Dungeons of Doom: levels 1 to 3 Level 1 a fountain, a sink a long staircase Level 2 Level 3 a fountain stairs to The Gnomish Mines The Gnomish Mines: levels 4 to 9 Level 4 stairs to The Dungeons of Doom Level 5 Level 6 many shops, a temple to Anhur, a magic chest, some fountains Level 7 Level 8 Level 9 <- You were here History has recorded: On T:1 you entered the Dungeons of Doom to retrieve the Amulet of Yendor! On T:232 you advanced to experience level 2. On T:400 you reached level 2 of The Dungeons of Doom. On T:567 you reached level 3 of The Dungeons of Doom. On T:624 you advanced to experience level 3. On T:757 you reached level 1 of The Gnomish Mines. On T:1051 you reached level 2 of The Gnomish Mines. On T:1079 you advanced to experience level 4. On T:1276 you reached level 3 of The Gnomish Mines. On T:1370 you entered the Minetown temple On T:1761 you opened a magic chest. On T:1761 you opened a magic chest. On T:1777 you opened a magic chest. On T:1916 you opened a magic chest. On T:2131 you advanced to experience level 5. On T:2146 you reached level 4 of The Gnomish Mines. On T:2721 you reached level 5 of The Gnomish Mines. On T:2798 you advanced to experience level 6. On T:3273 you opened a magic chest. On T:3274 you opened a magic chest. On T:3323 you opened a magic chest. On T:3475 you reached level 6 of The Gnomish Mines. Score breakdown: Gold: 1433 ( 143 points) Experience: 6 levels ( 500 points) Exploration: 9 levels ( 240 points) Discoveries: 8 items ( 400 points) Variety of kills: 39 monsters ( 1950 points) Major goal: reached Minetown ( 500 points) Survival: died (score multiplied by 3) Total score: 11199 Latest messages: Something just misses! Something scratches you! You hit something. (2x) Something scratches you! You miss it. Something scratches you! You hit something. (2x) Something scratches you! You hit something. Something scratches you! You try to feel what is lying here on the floor. There are a few objects here. You hit Minoru's ghost. You miss Minoru's ghost. (2x) Minoru's ghost touches you! You hit Minoru's ghost. Something scratches you! You begin praying to Thoth. Something scratches you! You die... Final status: Goodbye G-Wiz the Wizard, killed by an elf zombie, while praying... You died in The Gnomish Mines on dungeon level 9 with 11199 points, and 1433 pieces of gold, after 4043 moves. You were level 6 with a maximum of 49 hit points when you died.